 Dungeon Crawl Stone Soup version 0.28-a0-175-gb2089b6bb7 (webtiles) character file.

Game seed: 16574233633803504788

8117 Conn the Arsonist (level 11, -3/64 HPs)
             Began as an Octopode Fire Elementalist on Aug 17, 2021.
             Was a Follower of Sif Muna.
             Slain by an unseen horror (5 damage)
             ... on level 12 of the Dungeon.
             The game lasted 00:40:08 (14827 turns).

Conn the Arsonist (Octopode Fire Elementalist)     Turns: 14827, Time: 00:40:08

Health: -3/64      AC:  1    Str:  7    XL:     11   Next: 25%
Magic:  2/23       EV: 14    Int: 23    God:    Sif Muna [*.....]
Gold:   395        SH:  5    Dex: 13    Spells: 7/26 levels left

rFire   + . .      SeeInvis .   a - +5 dagger of Sifut {flame, rF+ Int+2}
rCold   . . .      Faith    .   (no shield)
rNeg    . . .      Spirit   .   (helmet restricted)
rPois   .          Reflect  +   f - amulet of reflection
rElec   .          Harm     .   (no ring)
rCorr   .          Rampage  .   (no ring)
Will    .....                   (no ring)
Stlth   +++++.....              (no ring)
HPRegen 0.20/turn               (no ring)
MPRegen 0.18/turn               (no ring)
                                (no ring)
                                (no ring)

@: about to teleport, marked, hasted and slowed, studying Summonings
A: almost no armour, amphibious, 8 rings, camouflage 1, gelatinous body 1,
(nimble swimmer 1), tentacles
a: Renounce Religion, Channel Magic


You were on level 12 of the Dungeon.
You worshipped Sif Muna.
Sif Muna was aware of your devotion.
You visited 2 branches of the dungeon, and saw 13 of its levels.

You collected 492 gold pieces.
You spent 97 gold pieces at shops.

Inventory:

Hand Weapons
 a - the +5 dagger of Sifut (weapon) {flame, rF+ Int+2}
   (You found it on level 10 of the Dungeon)

   It burns those it strikes, dealing additional fire damage.
   Int:       It affects your intelligence (+2).
   rF:        It protects you from fire.
 b - the +6 hunting sling of Bineiwo {vorpal, rElec Will+}
   (You found it on level 8 of the Dungeon)

   Any ammunition fired from it inflicts extra damage upon your enemies.
   rElec:     It insulates you from electricity.
   Will:      It increases your willpower.
 l - a +1 hunting sling of freezing
 E - a +6 dagger of electrocution
Missiles
 n - 64 sling bullets
Armour
 A - a +0 buckler
Magical Staves
 k - a staff of air
 t - a staff of death
 y - a staff of cold
Jewellery
 f - an amulet of reflection (around mantle)
 z - an amulet of magic regeneration
 C - a ring of ice
Wands
 c - a wand of acid (5)
 d - a wand of polymorph (8)
 g - a wand of iceblast (27)
 o - a wand of digging (11)
 p - a wand of mindburst (12)
 q - a wand of flame (17)
Scrolls
 i - 2 scrolls of amnesia
 j - a scroll of brand weapon
 m - 2 scrolls of immolation
 r - 2 scrolls of blinking
 v - a scroll of magic mapping
 B - 2 scrolls of fog
 D - 2 scrolls of identify
Potions
 h - 3 potions of curing
 s - 3 potions of haste
 u - a potion of magic
 w - a potion of brilliance
 x - a potion of flight
 F - a potion of might {unknown}


   Skills:
 + Level 2.1 Fighting
 + Level 2.9 Short Blades
 + Level 2.2 Maces & Flails
 + Level 4.5 Dodging
 + Level 8.7 Stealth
 + Level 1.3 Shields
 + Level 2.1 Unarmed Combat
 + Level 8.2 Spellcasting
 + Level 8.0 Conjurations
 + Level 0.7 Hexes
 + Level 0.8 Transmutations
 + Level 8.9 Fire Magic
 + Level 0.4 Evocations


You had 7 spell levels left.
You knew the following spells:

 Your Spells              Type           Power      Damage    Failure   Level
a - Foxfire               Conj/Fire      100%       2x1d9     1%          1
b - Conjure Flame         Conj/Fire      48%        6-21      1%          3
c - Inner Flame           Hex/Fire       31%        N/A       2%          3
d - Sticky Flame          Conj/Fire      48%        2d7       1%          4
e - Blink                 Tloc           N/A        N/A       11%         2
f - Beastly Appendage     Tmut           26%        N/A       4%          1
g - Fireball              Conj/Fire      24%        3d11      6%          5

Your spell library contained the following spells:

 Spells                   Type           Power      Damage    Failure   Level
 Sting                    Tmut/Pois      44%        1d5       6%          1
 Wereblood                Tmut           13%        N/A       8%          2
 Corpse Rot               Necr/Air       N/A        N/A       11%         2
 Poisonous Vapours        Pois/Air       18%        N/A       11%         2
 Spider Form              Tmut/Pois      5%         N/A       17%         3
 Lesser Beckoning         Tloc           4%         N/A       21%         3
 Dispel Undead            Necr           9%         3d8       56%         4
 Olgreb's Toxic Radiance  Pois           9%         N/A       56%         4
 Manifold Assault         Tloc           9%         N/A       88%         5
 Death Channel            Necr           4%         N/A       100%        6


Dungeon Overview and Level Annotations

Branches:
Dungeon (12/15)            Temple (1/1) D:5
   Lair: D:8-11         Orc: D:9-12

Altars:
Ashenzari
Cheibriados
Dithmenos
Elyvilon
Fedhas
Gozag
Hepliaklqana
Kikubaaqudgha
Makhleb
Nemelex Xobeh
Okawaru
Qazlal
Ru
Sif Muna
Trog
Uskayaw
Vehumet
Wu Jian
Xom
Yredelemnul
Zin
The Shining One

Shops:
D:5 ?   D:9 *

Annotations:
D:4 2 transporters
D:6 1 runed translucent door, hemabe71's ghost, novice HuAr
D:7 exclusion: oklob plant


Innate Abilities, Weirdness & Mutations

You cannot wear most types of armour.
You are amphibious.
You can wear up to eight rings at the same time.
Your skin changes colour to match your surroundings (Stealth+).
Your rubbery body absorbs attacks. (AC +1, EV +1)
((You are camouflaged near water. (Stealth+)))
You have tentacles for arms and can constrict up to eight enemies at once.


Message History

You conjure some foxfire!
You block the wraith's attack.
Unknown command.
You hit the wraith. You burn the wraith.
The wraith is severely damaged.
The foxfire hits the wraith!
You destroy the wraith!
Sif Muna accepts your kill.
A wraith comes into view.
Your Conjurations skill increases to level 8!
Your foxfire dissipates!
You fail to use your ability.
Something barely misses you.
An orc wizard comes into view. It is wielding a +0 dagger.
Something barely misses you.
Okay, then.
Okay, then.
Okay, then.
Unknown command.
Unknown command.
Okay, then.
Something hits you! Something barely misses you. Something hits you!
* * * LOW HITPOINT WARNING * * *
Okay, then.
Blink to where?
Press: ? - help, Dir - move target
As you read the scroll of blinking, it crumbles to dust.
Okay, then.
Okay, then.
You feel yourself speed up. Something barely misses you. x2
You feel better. Something hits you. Something hits you but does no damage.
Something hits you!
* * * LOW HITPOINT WARNING * * *
Okay, then.
Unknown command.
Unknown command.
Okay, then.
As you read the scroll of teleportation, it crumbles to dust.
You feel strangely unstable. You block something's attack. Something hits you!
* * * LOW HITPOINT WARNING * * *
Something hits you.
You die...

#..#
#W.#######
#........ยง
#...).)).v
#..#######
#..# #..# #..#
#@.#
#..###########
#....<........
##############


You could see a wraith.

Vanquished Creatures
  2 two-headed ogres
  A cyclops (D:11)
  Maggie (D:7)
  An unseen horror (D:10)
  2 kobold demonologists (D:11)
  A wraith (D:12)
  Sigmund (D:4)
  8 yaks (D:9)
  A steam dragon (D:9)
  A wyvern (D:8)
  A basilisk (D:11)
  An acid dragon (D:11)
  A water moccasin (D:8)
  2 black bears
  3 orc warriors
  An ice beast (D:7)
  A sky beast (D:8)
  A necrophage (D:5)
  A hornet zombie (D:5)
  2 ogres (D:4)
  4 centaurs
  A kobold brigand (D:9)
  3 bullfrogs
  2 gnoll sergeants
  A scorpion (D:7)
  2 water moccasin zombies
  3 wights (D:10)
  8 killer bees (D:9)
  3 electric eels (D:8)
  4 howler monkeys
  A centaur zombie (D:8)
  A bullfrog zombie (D:6)
  A jelly (D:5)
  A bullfrog skeleton (D:6)
  3 orc priests
  A gnoll shaman (D:4)
  2 iguanas (D:7)
  Ijyb (D:4)
  2 orc wizards
  2 howler monkey zombies
  11 adders
  16 gnolls
  A white imp (D:6)
  2 worms
  3 dart slugs
  12 orcs
  4 endoplasms
  2 giant cockroaches
  11 goblins
  4 hobgoblins
  4 jackals
  11 kobolds
  A quokka (D:5)
  10 ball pythons
  10 bats
  6 frilled lizards
  4 rats
191 creatures vanquished.

Vanquished Creatures (others)
  A gnoll (D:4)
  647 foxfires
  2 fungi (D:7)
  7 plants
657 creatures vanquished.

Grand Total: 848 creatures vanquished

Notes
Turn   | Place    | Note
-------+----------+-------------------------------------------
     0 | D:1      | Conn the Octopode Fire Elementalist began the quest for the
                  | Orb.
     0 | D:1      | Reached XP level 1. HP: 11/11 MP: 3/3
   433 | D:1      | Reached XP level 2. HP: 13/17 MP: 3/5
   853 | D:1      | Found a faded altar of an unknown god.
   868 | D:1      | Reached XP level 3. HP: 15/21 MP: 1/6
   879 | D:1      | Got Plato's Disquisition on Moulding
  1511 | D:2      | Reached XP level 4. HP: 27/27 MP: 0/7
  1944 | D:2      | Reached XP level 5. HP: 28/32 MP: 7/9
  3146 | D:3      | Learned a level 3 spell: Conjure Flame
  3148 | D:3      | Learned a level 1 spell: Beastly Appendage
  3152 | D:3      | Learned a level 3 spell: Inner Flame
  3217 | D:4      | Found a snail-covered altar of Cheibriados.
  3219 | D:4      | Noticed an orc warrior
  3227 | D:4      | Noticed an orc warrior
  3228 | D:4      | Found a transporter.
  3237 | D:4      | Found a transporter.
  3533 | D:4      | Noticed an ogre
  3558 | D:5      | Entered Level 5 of the Dungeon
  3633 | D:5      | Reached skill level 1 in Short Blades
  3633 | D:5      | Reached XP level 6. HP: 27/37 MP: 10/10
  3738 | D:5      | Noticed a black bear
  3765 | D:5      | Killed a black bear
  3766 | D:5      | Reached skill level 5 in Stealth
  3862 | D:4      | Noticed Sigmund
  3894 | D:3      | HP: 1/37 [adder (1)]
  3900 | D:3      | HP: 1/37 [poisoned by an adder]
  4269 | D:5      | Found a staircase to the Ecumenical Temple.
  4290 | Temple   | Entered the Ecumenical Temple
  4384 | Temple   | Became a worshipper of Sif Muna the Loreminder
  4442 | D:5      | Found Husse's Magic Scroll Emporium.
  4497 | D:5      | Reached XP level 7. HP: 42/42 MP: 8/12
  4934 | D:5      | Reached skill level 5 in Fire Magic
  5497 | D:5      | Found a radiant altar of Vehumet.
  5505 | D:5      | Found a basalt altar of Yredelemnul.
  5505 | D:5      | Found an ancient bone altar of Kikubaaqudgha.
  5514 | D:5      | Found a glowing silver altar of Zin.
  5518 | D:5      | Found a white marble altar of Elyvilon.
  5665 | D:6      | Found a runed translucent door.
  5666 | D:6      | Found a shimmering altar of Xom.
  5666 | D:6      | Noticed hemabe71's ghost (novice HuAr)
  5675 | D:6      | Reached skill level 1 in Unarmed Combat
  5675 | D:6      | Noticed a +1 quarterstaff of chaos
  5965 | D:5      | Learned a level 4 spell: Sticky Flame
  6354 | D:4      | Reached XP level 8. HP: 47/47 MP: 6/13
  6392 | D:4      | Killed Sigmund
  6393 | D:4      | Reached skill level 1 in Fighting
  6518 | D:4      | Noticed Ijyb
  6526 | D:4      | Killed Ijyb
  6888 | D:4      | Found a bloodstained altar of Trog.
  7412 | D:6      | Learned a level 2 spell: Blink
  7444 | D:6      | Found a broken altar of Ashenzari.
  7587 | D:6      | Reached skill level 1 in Maces & Flails
  8184 | D:7      | Found a sacrificial altar of Ru.
  8272 | D:7      | Found a glowing golden altar of the Shining One.
  8325 | D:7      | Noticed Maggie
  8338 | D:7      | Killed Maggie
  8339 | D:7      | Reached skill level 1 in Shields
  8339 | D:7      | Reached skill level 5 in Spellcasting
  8339 | D:7      | Reached XP level 9. HP: 30/54 MP: 10/16
  8636 | D:7      | Found a blossoming altar of Fedhas.
  8832 | D:7      | Noticed an oklob plant
  9099 | D:8      | Reached skill level 5 in Conjurations
  9239 | D:8      | Identified the +6 hunting sling of Bineiwo {vorpal, rElec
                  | Will+}
  9809 | D:8      | Noticed a two-headed ogre
  9971 | D:8      | Killed a two-headed ogre
 10407 | D:8      | Reached XP level 10. HP: 33/60 MP: 13/19
 10724 | D:8      | Learned a level 5 spell: Fireball
 11086 | D:9      | Reached * piety under Sif Muna
 12121 | D:9      | Found Lusonoij's Island Escapes.
 12129 | D:9      | Bought a scroll of blinking for 97 gold pieces
 12922 | D:10     | Entered Level 10 of the Dungeon
 13579 | D:10     | Identified the +5 dagger of Sifut {flame, rF+ Int+2}
 13591 | D:10     | Killed an unseen horror
 14225 | D:11     | Noticed a cyclops
 14232 | D:11     | Killed a cyclops
 14284 | D:11     | Noticed a two-headed ogre
 14461 | D:11     | Reached XP level 11. HP: 64/64 MP: 22/22
 14580 | D:11     | Killed a two-headed ogre
 14677 | D:11     | Noticed a soul eater
 14827 | D:12     | HP: 2/64 [something (10)]
 14827 | D:12     | Slain by an unseen horror

Illustrated notes

Levels and vault maps discovered:
D:1:      lightli_arrival_quake, layout_loops_cross,
          shapermc_ecumenical_altar_rom_forum
D:2:      layout_rooms, serial_bayou_pond_a
D:3:      layout_basic, minivault_14, minmay_quantized
D:4:      black_bear_nest_1, layout_loops_ring, kennysheep_mini,
          gammafunk_temple_overflow_arena, uniq_sigmund, uniq_ijyb
D:5:      layout_layer_cave, minmay_overflow_temple_star_hex, serial_shops,
          kennysheep_mini_moat
D:6:      layout_cave_pools, nicolae_ashenzari_skybound, ebering_ghost_xom,
          kennysheep_small_spiral
D:7:      layout_rooms, tgw_fedhas, tso_altar, nicolae_ru_sacrificial_ziggurat,
          uniq_maggie
D:8:      layout_basic, dk_noncrumbling_2
D:9:      layout_long_grid, grunt_ministairs_10, minivault_11,
          nicolae_island_escapes
D:10:     layout_layer_cave
D:11:     layout_long_grid, david_lair_shrubbed, uniq_nergalle
D:12:     layout_long_grid, erik_orc_3, ebering_ghost_disaster_area, uniq_psyche
Temple:   jpeg_temple_clearing

Skill      XL: |  1  2  3  4  5  6  7  8  9 10 11 |
---------------+----------------------------------+-----
Stealth        | 3 4 5 6 7 8 |  8.7
Fire Magic     | 4 5 6 7 8 |  8.9
Short Blades   | 1 2 |  2.9
Spellcasting   | 3 5 6 7 8 |  8.2
Conjurations   | 2 3 4 5 7 8 |  8.0
Dodging        | 3 4 |  4.5
Unarmed Combat | 1 2 |  2.1
Fighting       | 1 2 |  2.1
Maces & Flails | 1 2 |  2.2
Shields        | 1 |  1.3
Hexes          | |  0.7
Transmutations | |  0.8
Evocations     | |  0.4

Action                   |  1- 3 |  4- 6 |  7- 9 | 10-12 || total
-------------------------+-------+-------+-------+-------++-------
Melee: Dagger            |    35 |    45 |    49 |    48 ||   177
       Constrict         |     5 |     8 |    15 |     9 ||    37
       Unarmed           |     1 |     6 |    31 |       ||    38
       Tentacles         |     2 |     7 |    13 |     6 ||    28
       Kick              |       |     2 |     3 |       ||     5
       Club              |       |       |    11 |       ||    11
 Cast: Foxfire           |    37 |    86 |   117 |   136 ||   376
       Conjure Flame     |       |     1 |     3 |     7 ||    11
       Beastly Appendage |       |     1 |     2 |       ||     3
       Sticky Flame      |       |       |     5 |    14 ||    19
       Inner Flame       |       |       |     2 |     2 ||     4
       Fireball          |       |       |       |     2 ||     2
Evoke: Wand              |       |       |     2 |       ||     2
  Use: Scroll            |       |     1 |    15 |     7 ||    23
       Potion            |       |     7 |     2 |     2 ||    11
 Stab: Sleeping          |     5 |    11 |     6 |     3 ||    25
       Invisible         |       |       |     5 |       ||     5
Armor: Skin              |     8 |     6 |     2 |     5 ||    21
Dodge: Dodged            |    25 |    53 |    51 |    51 ||   180
Block: Other             |       |       |    14 |    15 ||    29
       Reflection        |       |       |       |     2 ||     2

Table legend: (Time is in decaauts)
 A = Elapsed time spent in this place.
 B = Non-inter-level travel time spent in this place.
 C = Inter-level travel time spent in this place.
 D = Time resting spent in this place.
 E = Time spent auto-exploring this place.
 F = Levels seen in this place.
 G = Mean time per level.
                   A        B        C        D        E       F      G
               +--------+--------+--------+--------+--------+-----+--------+
         Total |  14810 |  14081 |    729 |   1882 |   8828 |  13 | 1139.2 |
       Dungeon |  14701 |  13986 |    715 |   1882 |   8751 |  12 | 1225.1 |
        Temple |    109 |     95 |     14 |      0 |     77 |   1 |  109.0 |
               +--------+--------+--------+--------+--------+-----+--------+

Top non-repeatable levels by time:
     D:9: 2163 daAuts
     D:5: 2149 daAuts
     D:4: 1497 daAuts
     D:3: 1368 daAuts
     D:1: 1365 daAuts
    D:10: 1296 daAuts
     D:8: 1200 daAuts
     D:7: 1057 daAuts
     D:2: 1033 daAuts
     D:6: 958 daAuts
    D:11: 459 daAuts
    D:12: 152 daAuts
  Temple: 109 daAuts
